Map: Washout LE

Players

Geralt (Gerald) - Winner!

  • Race: Protoss Protoss
  • League: Grandmaster
  • Spawn Location: 1:00

Vaeda (HiGhDrA)

  • Race: Protoss Protoss
  • League: Master
  • Spawn Location: 7:00

Event: HomeStory Cup XXIX

VOD

Have the link to the VOD?

Description

Time

  • Played on: July 4, 2026, 10:02 a.m.
  • Length: 8:40

All games in this series

Show
View Real Time Build Order
Export as new Build Order

Geralt Protoss - Winner!

Build Orders:  

Get SALT Encoding   

  8  0:00  Probe  
  9  0:12  Probe  
  10  0:24  Probe (Chrono Boost)  
  10  0:28  Pylon  
  11  0:34  Probe (Chrono Boost)  
  12  0:39  Probe (Chrono Boost)  
  13  0:51  Probe  
  13  0:55  Gateway  
  14  1:03  Probe (Chrono Boost)  
  15  1:05  Assimilator  
  15  1:12  Probe (Chrono Boost)  
  15  1:17  Probe (Chrono Boost)  
  16  1:23  Gateway  
  17  1:29  Probe  
  17  1:31  Assimilator  
  18  1:41  Probe  
  18  1:45  Cybernetics Core  
  19  1:53  Probe  
  20  1:58  Pylon  
  20  2:06  Probe  
  21  2:18  Probe  
  22  2:23  Stalker x2  
  26  2:30  Probe, Warp Gate  
  27  2:38  Pylon  
  27  2:42  Probe  
  28  2:45  Pylon  
  28  2:56  Stalker  
  30  3:00  Stalker  
  30  3:05  Probe  
  33  3:16  Robotics Facility  
  32  3:35  Nexus  
  32  3:36  Sentry  
  32  3:39  Probe  
  35  3:46  Shield Battery  
  36  3:56  Pylon  
  37  4:08  Probe  
  36  4:11  Immortal (Chrono Boost)  
  40  4:21  Probe  
  41  4:33  Probe  
  42  4:41  Stalker  
  42  4:43  Pylon  
  42  4:45  Probe  
  45  4:50  Probe  
  46  4:53  Stalker  
  46  4:57  Probe  
  49  5:02  Probe  
  49  5:04  Stalker  
  52  5:09  Probe  
  53  5:14  Probe  
  53  5:21  Twilight Council, Probe  
  54  5:22  Immortal (Chrono Boost)  
  54  5:28  Probe, Pylon  
  60  5:33  Adept  
  60  5:35  Adept  
  64  5:38  Probe  
  64  5:40  Probe  
  66  5:43  Pylon  
  66  5:54  Observer  
  66  5:56  Gateway  
  67  5:58  Assimilator  
  67  6:10  Probe  
  68  6:12  Probe  
  69  6:19  Pylon  
  69  6:20  Blink (Chrono Boost)  
  67  6:26  Probe  
  68  6:35  Adept x2  
  68  6:36  Immortal  
  70  6:42  Pylon, Gateway  
  70  6:45  Gateway  
  70  6:46  Gateway  
  74  6:47  Gateway  
  74  6:51  Probe  
  75  6:59  Stalker x3  
  81  7:08  Pylon  
  81  7:15  Nexus  
  81  7:26  Pylon  
  81  7:28  Probe  
  82  7:34  Probe  
  83  7:40  Probe  
  84  7:46  Probe  
  84  7:50  Stalker x5  
  91  7:52  Probe  
  92  7:58  Probe  
  92  8:01  Stalker  
  92  8:03  Pylon  
  92  8:04  Probe  
  96  8:07  Stalker  
  96  8:10  Probe  
  99  8:16  Probe  
  98  8:22  Probe  
  95  8:29  Stalker x2  
  95  8:30  Stalker x2  
Show
View Real Time Build Order
Export as new Build Order

Vaeda Protoss 

Build Orders:  

Get SALT Encoding   

  8  0:00  Probe  
  9  0:12  Probe  
  10  0:24  Probe  
  11  0:30  Pylon  
  11  0:36  Probe (Chrono Boost)  
  12  0:48  Probe (Chrono Boost)  
  13  0:53  Gateway  
  13  0:55  Probe (Chrono Boost)  
  14  1:03  Probe (Chrono Boost)  
  15  1:06  Assimilator  
  15  1:14  Probe (Chrono Boost)  
  16  1:19  Assimilator, Probe (Chrono Boost)  
  17  1:29  Probe  
  18  1:37  Gateway  
  18  1:41  Probe  
  19  1:48  Cybernetics Core  
  19  1:53  Probe  
  20  2:01  Pylon  
  20  2:05  Probe  
  21  2:19  Probe  
  22  2:24  Stalker  
  22  2:26  Stalker  
  26  2:31  Probe  
  26  2:34  Pylon  
  27  2:43  Probe  
  28  2:52  Stalker  
  28  2:55  Stalker  
  32  3:06  Robotics Facility  
  32  3:13  Warp Gate (Chrono Boost)  
  32  3:20  Pylon  
  35  3:40  Nexus  
  31  3:53  Pylon  
  31  3:54  Warp Prism (Chrono Boost)  
  33  4:07  Probe  
  34  4:11  Pylon  
  34  4:15  Shield Battery  
  34  4:21  Probe  
  35  4:31  Pylon  
  35  4:40  Probe  
  35  4:43  Pylon  
  35  4:44  Pylon  
  36  4:52  Probe  
  37  4:58  Probe  
  38  5:04  Probe  
  39  5:10  Probe (Chrono Boost)  
  40  5:15  Immortal  
  40  5:16  Probe (Chrono Boost)  
  40  5:18  Twilight Council  
  45  5:22  Probe (Chrono Boost)  
  45  5:28  Probe (Chrono Boost)  
  47  5:31  Probe (Chrono Boost)  
  47  5:33  Probe (Chrono Boost)  
  49  5:36  Probe  
  50  5:44  Probe  
  50  5:46  Sentry x2  
  50  5:48  Probe  
  56  5:56  Probe  
  57  6:01  Probe  
  56  6:08  Probe  
  56  6:09  Immortal, Stalker  
  56  6:11  Sentry  
  65  6:13  Probe  
  65  6:18  Pylon  
  63  6:20  Probe  
  63  6:25  Probe  
  65  6:32  Probe  
  65  6:35  Blink (Chrono Boost)  
  65  6:39  Probe  
  66  6:44  Probe  
  67  6:51  Probe  
  67  6:53  Nexus  
  68  6:55  Pylon  
  68  6:56  Probe  
  68  7:01  Observer  
  70  7:03  Probe  
  70  7:05  Pylon  
  71  7:08  Probe  
  71  7:15  Gateway  
  73  7:16  Gateway  
  73  7:20  Immortal (Chrono Boost)  
  72  7:25  Gateway  
  76  7:38  Probe x2  
  75  7:50  Probe x2  
  76  7:52  Pylon, Immortal  
  80  8:01  Sentry  
  80  8:04  Pylon  
  80  8:05  Probe  
  83  8:06  Pylon  
  83  8:08  Pylon, Sentry x2  
  86  8:18  Stalker  
  72  8:28  Stalker  
Tags
 
Add a new tag
Caveats
  • Supply blocks, unpowered buildings, or Contaminate may cause inaccurate times.
  • Supply counts are checked every 10 seconds.